[ AOE2 MATCH · #493831801 ]
UnrankedKhmer vs Huns
Player's team · LOSS
Rival team · WIN
[ REPLAY ANALYSIS · EXTRACTED FROM THE RECORDED GAME ]
Feudal
10:10
Castle
12:54
Imperial
54:04
| APM avg | 54.1 |
| APM peak | 99 |
| eAPM avg | 33.9 |
| Villagers / military | 296 / 317 |
Focus
⚔️ 37.1% · 🌾 62.9%
Spearman ×202 · Battering Ram ×62 · Scorpion ×44 · Monk ×9
Feudal
9:05
Castle
27:07
Imperial
41:52
| APM avg | 38.0 |
| APM peak | 84 |
| eAPM avg | 22.0 |
| Villagers / military | 163 / 134 |
Focus
⚔️ 38.7% · 🌾 61.3%
Knight ×53 · Scout Cavalry ×45 · Cavalry Archer ×28 · Monk ×3 · Trebuchet (Packed) ×3 · Archer ×1
Match map
Initial resources + every placement click. Lines = walls · curves = elevation contours. ◆ gold · ⬟ stone · ● berries · ✦ relic · ◌ wall gap
Your base· Open — unwalled flank
jiangwei2708's base· Open — unwalled flank
Smoothed initial terrain · ◌ = detected wall gap · hover for details
Inputs per minute
— Snowden - - jiangwei2708
Build order — Snowden
First 150 of 833 actions detected
| 0:00 | Create | Villager (Male) |
| 0:01 | Create | Villager (Male) |
| 0:01 | Create | Villager (Male) |
| 0:02 | Build | House |
| 0:04 | Build | House |
| 0:14 | Create | Villager (Male) |
| 1:25 | Create | Villager (Male) |
| 1:25 | Create | Villager (Male) |
| 2:02 | Create | Villager (Male) |
| 2:03 | Create | Villager (Male) |
| 2:03 | Create | Villager (Male) |
| 2:26 | Build | Lumber Camp |
| 2:29 | Create | Villager (Male) |
| 2:29 | Create | Villager (Male) |
| 2:29 | Create | Villager (Male) |
| 2:51 | Create | Villager (Male) |
| 2:54 | Create | Villager (Male) |
| 2:54 | Create | Villager (Male) |
| 3:14 | Create | Villager (Male) |
| 3:14 | Create | Villager (Male) |
| 3:57 | Build | House |
| 4:00 | Build | House |
| 4:03 | Create | Villager (Male) |
| 4:03 | Create | Villager (Male) |
| 4:59 | Create | Villager (Male) |
| 5:11 | Build | Mill |
| 5:12 | Create | Villager (Male) |
| 5:48 | Create | Villager (Male) |
| 6:07 | Create | Villager (Male) |
| 6:08 | Create | Villager (Male) |
| 6:55 | Build | Mining Camp |
| 6:58 | Create | Villager (Male) |
| 7:26 | Build | Farm |
| 7:30 | Research | Feudal Age |
| 7:34 | Create | Villager (Male) |
| 7:40 | Research | Feudal Age |
| 8:06 | Build | Farm |
| 8:50 | Build | Farm |
| 9:15 | Build | House |
| 9:26 | Build | Palisade Wall |
| 9:27 | Build | Palisade Wall |
| 10:10 | Age | Feudal Age |
| 10:14 | Research | Castle Age |
| 10:14 | Research | Castle Age |
| 10:14 | Research | Castle Age |
| 11:04 | Research | Double-Bit Axe |
| 11:04 | Research | Double-Bit Axe |
| 12:54 | Age | Castle Age |
| 12:55 | Build | Town Center |
| 12:57 | Create | Villager (Male) |
| 13:08 | Build | Siege Workshop |
| 13:09 | Create | Villager (Male) |
| 13:31 | Research | Loom |
| 13:31 | Research | Loom |
| 14:53 | Create | Scorpion |
| 17:19 | Build | Market |
| 18:03 | Create | Scorpion |
| 18:13 | Create | Villager (Male) |
| 18:13 | Create | Villager (Male) |
| 18:26 | Create | Villager (Male) |
| 18:27 | Create | Villager (Male) |
| 18:27 | Create | Villager (Male) |
| 18:27 | Create | Villager (Male) |
| 19:13 | Create | Villager (Male) |
| 19:14 | Build | Farm |
| 19:16 | Build | Farm |
| 19:16 | Build | Farm |
| 19:36 | Build | Farm |
| 19:37 | Create | Villager (Male) |
| 19:37 | Create | Villager (Male) |
| 19:38 | Create | Villager (Male) |
| 20:03 | Create | Villager (Male) |
| 20:04 | Create | Villager (Male) |
| 20:10 | Build | Farm |
| 20:28 | Build | Farm |
| 20:41 | Build | Lumber Camp |
| 20:50 | Create | Villager (Male) |
| 20:50 | Create | Villager (Male) |
| 20:50 | Create | Villager (Male) |
| 21:05 | Create | Villager (Male) |
| 21:06 | Create | Villager (Male) |
| 21:14 | Build | Farm |
| 21:18 | Create | Villager (Male) |
| 21:18 | Create | Villager (Male) |
| 21:18 | Create | Villager (Male) |
| 21:25 | Create | Villager (Male) |
| 21:25 | Create | Villager (Male) |
| 21:25 | Create | Villager (Male) |
| 21:40 | Create | Scorpion |
| 21:47 | Build | House |
| 21:49 | Build | House |
| 21:51 | Create | Villager (Male) |
| 21:52 | Create | Villager (Male) |
| 22:08 | Create | Villager (Male) |
| 22:09 | Create | Villager (Male) |
| 22:09 | Create | Villager (Male) |
| 22:32 | Create | Villager (Male) |
| 22:33 | Create | Villager (Male) |
| 22:33 | Create | Villager (Male) |
| 22:53 | Build | Farm |
| 22:56 | Build | Farm |
| 22:57 | Build | Farm |
| 23:05 | Create | Villager (Male) |
| 23:05 | Create | Villager (Male) |
| 23:06 | Build | Farm |
| 23:19 | Build | House |
| 23:29 | Create | Villager (Male) |
| 23:29 | Create | Villager (Male) |
| 23:30 | Create | Villager (Male) |
| 23:32 | Build | Farm |
| 23:51 | Create | Villager (Male) |
| 23:51 | Create | Villager (Male) |
| 24:01 | Create | Villager (Male) |
| 24:01 | Create | Villager (Male) |
| 24:04 | Create | Scorpion |
| 24:18 | Create | Villager (Male) |
| 24:18 | Create | Villager (Male) |
| 24:18 | Create | Villager (Male) |
| 24:31 | Create | Villager (Male) |
| 24:32 | Create | Villager (Male) |
| 24:32 | Create | Villager (Male) |
| 24:33 | Create | Villager (Male) |
| 24:47 | Create | Villager (Male) |
| 24:49 | Build | Castle |
| 24:57 | Build | Palisade Wall |
| 25:01 | Build | House |
| 25:04 | Build | Palisade Wall |
| 25:05 | Create | Villager (Male) |
| 25:05 | Create | Villager (Male) |
| 25:14 | Create | Villager (Male) |
| 25:15 | Create | Villager (Male) |
| 25:21 | Create | Scorpion |
| 25:29 | Create | Villager (Male) |
| 25:29 | Create | Villager (Male) |
| 25:41 | Create | Villager (Male) |
| 25:42 | Create | Villager (Male) |
| 25:42 | Create | Villager (Male) |
| 25:53 | Build | Siege Workshop |
| 25:55 | Create | Villager (Male) |
| 25:56 | Create | Villager (Male) |
| 25:56 | Create | Villager (Male) |
| 26:09 | Create | Villager (Male) |
| 26:09 | Create | Villager (Male) |
| 26:09 | Create | Villager (Male) |
| 26:15 | Create | Battering Ram |
| 26:24 | Create | Villager (Male) |
| 26:24 | Create | Villager (Male) |
| 26:38 | Build | Lumber Camp |
| 26:41 | Create | Villager (Male) |
| 26:41 | Create | Villager (Male) |
Build order — jiangwei2708
First 150 of 474 actions detected
| 0:05 | Create | Villager (Male) |
| 0:05 | Create | Villager (Male) |
| 0:06 | Create | Villager (Male) |
| 0:06 | Create | Villager (Male) |
| 1:20 | Create | Villager (Male) |
| 1:20 | Create | Villager (Male) |
| 2:07 | Create | Villager (Male) |
| 2:08 | Create | Villager (Male) |
| 2:24 | Build | Lumber Camp |
| 2:41 | Create | Villager (Male) |
| 2:42 | Create | Villager (Male) |
| 2:42 | Create | Villager (Male) |
| 2:42 | Create | Villager (Male) |
| 3:42 | Create | Villager (Male) |
| 3:43 | Create | Villager (Male) |
| 4:05 | Create | Villager (Male) |
| 4:05 | Create | Villager (Male) |
| 4:05 | Create | Villager (Male) |
| 4:27 | Create | Villager (Male) |
| 4:27 | Create | Villager (Male) |
| 5:03 | Create | Villager (Male) |
| 5:22 | Create | Villager (Male) |
| 5:22 | Create | Villager (Male) |
| 5:35 | Create | Villager (Male) |
| 5:35 | Create | Villager (Male) |
| 5:36 | Create | Villager (Male) |
| 5:36 | Create | Villager (Male) |
| 5:37 | Create | Villager (Male) |
| 5:42 | Build | Mill |
| 6:55 | Research | Feudal Age |
| 6:56 | Research | Loom |
| 7:27 | Build | Mining Camp |
| 8:08 | Create | Villager (Male) |
| 8:08 | Create | Villager (Male) |
| 9:05 | Age | Feudal Age |
| 9:12 | Research | Horse Collar |
| 9:55 | Build | Watch Tower |
| 9:59 | Create | Villager (Male) |
| 9:59 | Create | Villager (Male) |
| 10:00 | Create | Villager (Male) |
| 10:00 | Create | Villager (Male) |
| 10:29 | Build | Palisade Wall |
| 10:31 | Build | Palisade Wall |
| 10:35 | Build | Palisade Wall |
| 10:45 | Build | Watch Tower |
| 10:51 | Build | Palisade Wall |
| 11:14 | Create | Villager (Male) |
| 11:14 | Create | Villager (Male) |
| 11:31 | Build | Watch Tower |
| 11:39 | Create | Villager (Male) |
| 11:39 | Create | Villager (Male) |
| 11:39 | Create | Villager (Male) |
| 11:54 | Build | Watch Tower |
| 12:32 | Build | Watch Tower |
| 12:39 | Create | Villager (Male) |
| 12:40 | Create | Villager (Male) |
| 12:40 | Create | Villager (Male) |
| 12:49 | Build | Watch Tower |
| 13:15 | Create | Villager (Male) |
| 13:15 | Create | Villager (Male) |
| 13:37 | Build | Watch Tower |
| 13:46 | Build | Farm |
| 13:51 | Build | Farm |
| 13:52 | Create | Villager (Male) |
| 13:52 | Create | Villager (Male) |
| 13:56 | Create | Villager (Male) |
| 13:56 | Create | Villager (Male) |
| 13:58 | Create | Villager (Male) |
| 13:58 | Create | Villager (Male) |
| 14:56 | Create | Villager (Male) |
| 15:04 | Build | Barracks |
| 15:07 | Create | Villager (Male) |
| 15:16 | Build | Barracks |
| 15:47 | Build | Watch Tower |
| 15:57 | Create | Villager (Male) |
| 15:59 | Create | Villager (Male) |
| 16:20 | Build | Barracks |
| 16:55 | Create | Villager (Male) |
| 16:55 | Create | Villager (Male) |
| 16:58 | Build | Farm |
| 16:59 | Build | Farm |
| 17:00 | Create | Villager (Male) |
| 17:30 | Build | Stable |
| 17:35 | Create | Villager (Male) |
| 17:35 | Create | Villager (Male) |
| 17:36 | Create | Villager (Male) |
| 17:44 | Build | Watch Tower |
| 17:48 | Build | Farm |
| 18:03 | Create | Villager (Male) |
| 18:07 | Create | Scout Cavalry |
| 18:15 | Build | Watch Tower |
| 18:34 | Build | Farm |
| 18:36 | Build | Farm |
| 18:37 | Build | Farm |
| 18:59 | Create | Scout Cavalry |
| 19:14 | Build | Palisade Wall |
| 19:23 | Create | Villager (Male) |
| 19:24 | Create | Villager (Male) |
| 19:25 | Build | Farm |
| 19:38 | Build | Watch Tower |
| 19:45 | Create | Scout Cavalry |
| 20:04 | Build | Palisade Wall |
| 20:05 | Build | Palisade Wall |
| 20:06 | Build | Palisade Wall |
| 20:07 | Build | Palisade Wall |
| 20:13 | Build | Farm |
| 20:15 | Build | Farm |
| 20:16 | Build | Farm |
| 20:17 | Create | Villager (Male) |
| 20:42 | Build | Watch Tower |
| 21:24 | Build | Farm |
| 21:25 | Build | Farm |
| 21:26 | Create | Villager (Male) |
| 21:27 | Create | Villager (Male) |
| 21:32 | Build | Farm |
| 21:35 | Build | Farm |
| 21:42 | Build | Market |
| 21:43 | Create | Villager (Male) |
| 22:10 | Build | Watch Tower |
| 22:14 | Build | Farm |
| 22:15 | Create | Villager (Male) |
| 22:32 | Build | Farm |
| 22:42 | Build | Watch Tower |
| 22:44 | Build | Watch Tower |
| 22:48 | Build | Farm |
| 22:49 | Build | Farm |
| 22:51 | Build | Farm |
| 22:54 | Create | Villager (Male) |
| 22:54 | Create | Villager (Male) |
| 23:01 | Create | Villager (Male) |
| 23:22 | Build | Mining Camp |
| 23:53 | Build | Outpost |
| 24:27 | Research | Castle Age |
| 24:44 | Research | Double-Bit Axe |
| 25:16 | Build | Watch Tower |
| 25:58 | Build | Mining Camp |
| 26:20 | Build | Mining Camp |
| 26:25 | Create | Villager (Male) |
| 26:26 | Create | Villager (Male) |
| 26:51 | Build | Farm |
| 27:07 | Age | Castle Age |
| 27:11 | Create | Villager (Male) |
| 27:34 | Create | Villager (Male) |
| 27:34 | Create | Villager (Male) |
| 27:35 | Create | Villager (Male) |
| 27:51 | Build | Stable |
| 27:53 | Create | Villager (Male) |
| 27:53 | Create | Villager (Male) |
| 27:54 | Create | Villager (Male) |
| 28:30 | Create | Knight |
Match timeline
| 9:05 | jiangwei2708 · age_up feudal |
| 9:26 | Snowden · wall_segment Palisade Wall x1 |
| 9:27 | Snowden · wall_segment Palisade Wall x1 |
| 10:10 | Snowden · age_up feudal |
| 10:29 | jiangwei2708 · wall_segment Palisade Wall x1 |
| 10:31 | jiangwei2708 · wall_segment Palisade Wall x1 |
| 10:35 | jiangwei2708 · wall_segment Palisade Wall x1 |
| 10:51 | jiangwei2708 · wall_segment Palisade Wall x1 |
| 12:54 | Snowden · age_up castle |
| 13:08 | Snowden · first_building Siege Workshop |
| 15:04 | jiangwei2708 · first_building Barracks |
| 17:30 | jiangwei2708 · first_building Stable |
| 18:12 | Snowden · first_market_buy 100 food |
| 19:11 | Snowden · first_market_sell 100 wood |
| 19:14 | jiangwei2708 · wall_segment Palisade Wall x10 |
| 20:04 | jiangwei2708 · wall_segment Palisade Wall x1 |
| 20:05 | jiangwei2708 · wall_segment Palisade Wall x1 |
| 20:06 | jiangwei2708 · wall_segment Palisade Wall x1 |
| 20:07 | jiangwei2708 · wall_segment Palisade Wall x1 |
| 24:05 | jiangwei2708 · first_market_sell 100 stone |
| 24:49 | Snowden · first_building Castle |
| 24:57 | Snowden · wall_segment Palisade Wall x1 |
| 25:04 | Snowden · wall_segment Palisade Wall x1 |
| 27:07 | jiangwei2708 · age_up castle |
| 30:36 | Snowden · wall_segment Palisade Wall x1 |
| 30:49 | Snowden · first_building Monastery |
| 31:15 | Snowden · first_building Stable |
| 31:21 | jiangwei2708 · first_building Monastery |
| 33:53 | Snowden · first_building Barracks |
| 37:00 | jiangwei2708 · first_building Castle |
| 38:35 | jiangwei2708 · first_market_buy 100 food |
| 41:52 | jiangwei2708 · age_up imperial |
| 45:49 | jiangwei2708 · first_building Archery Range |
| 54:04 | Snowden · age_up imperial |
| 58:13 | Snowden · resign |
[ AI ANALYSIS · 1 CREDIT ]
What really happened in this match?
Wolo.gg analyzes every decision: build order, eco, micro, common mistakes by bracket. Personalized analysis on WhatsApp or Discord in 30 seconds.
Civ guide
Khmer
Perfil
Snowden